 Dungeon Crawl Stone Soup version 0.31-a0-1-g4198be8af4 (webtiles) character file.

Game seed: 4415509069225228182

78 avis the Trooper (level 4, 0/45 HPs)
             Began as an Ogre Reaver on May 3, 2023.
             Slain by a gnoll
             ... wielding a +0 flail
              (8 damage)
             ... on level 3 of the Dungeon.
             The game lasted 00:11:18 (2235 turns).

avis the Trooper (Ogre Reaver)                      Turns: 2235, Time: 00:11:19

Health: 0/45       AC:  3    Str: 16    XL:     4   Next: 36%
Magic:  8/8        EV: 10    Int: 14    God:
Gold:   37         SH:  0    Dex:  9    Spells: 8/9 levels left

rFire   . . .        a - +2 mace (drain)
rCold   . . .        (no shield)
rNeg    . . .        j - +0 robe
rPois   .            (helmet restricted)
rElec   .            (no cloak)
rCorr   .            (gloves unavailable)
SInv    .            (boots unavailable)
Will    .....        (no amulet)
Stlth   +            (no ring)
HPRegen 0.27/turn    (no ring)
MPRegen 0.11/turn

%: no passive effects
@: confused, ambrosia-drunk
A: large, unfitting armour, tough skin 1
a: no special abilities


You were on level 3 of the Dungeon.
You visited 1 branch of the dungeon, and saw 3 of its levels.

You collected 37 gold pieces.

Inventory:

Hand Weapons
 a - a +2 mace of draining (weapon)
 d - a +0 sling
 i - a +0 dagger of venom
 n - a +1 whip of distortion
Armour
 j - a +0 robe (worn)
Magical Staves
 f - a staff of fire
Scrolls
 c - a scroll of fear {unknown}
 e - a scroll of noise {unknown}
 m - 4 scrolls of teleportation {unknown}
 p - a scroll of immolation {unknown}
 q - a scroll of blinking {unknown}
Potions
 b - a potion of ambrosia
 g - a potion of heal wounds {unknown}
 h - 2 potions of brilliance {unknown}
 k - a potion of haste {unknown}
 l - a potion of curing {unknown}
 o - a potion of mutation {unknown}


   Skills:
 - Level 3.0 Fighting
 - Level 2.0 Dodging
 - Level 3.0 Unarmed Combat
 - Level 3.0 Spellcasting
 - Level 3.0 Conjurations
 * Level 2.3 Transmutations


You had 8 spell levels left.
You knew the following spells:

 Your Spells              Type           Power      Damage    Failure   Level
a - Kiss of Death         Conj/Necr      24%        2d7       12%         1

Your spell library contained the following spells:

 Spells                   Type           Power      Damage    Failure   Level
 Momentum Strike          Conj/Tloc      12%        3d8       17%         2
 Freeze                   Ice            8%         1d3       22%         1
 Lesser Beckoning         Tloc           4%         N/A       32%         2
 Hailstorm                Conj/Ice       6%         3d4       34%         3
 Frozen Ramparts          Ice            4%         1d1       54%         3
 Gell's Gravitas          Tloc           2%         N/A       54%         3
 Teleport Other           Tloc           2%         N/A       54%         3
 Animate Armour           Summ/Erth      4%         N/A       91%         4
 Blade Hands              Tmut           4%         N/A       92%         5
 Iron Shot                Conj/Erth      3%         9d2       100%        6


Dungeon Overview and Level Annotations

Branches:
Dungeon (3/15)

Altars:


Innate Abilities, Weirdness & Mutations

You are too large for most types of armour.
You have tough skin. (AC +1)


Message History

You climb upwards.
There is a stone staircase leading down here.
You climb downwards.
There is a stone staircase leading up here.
p - a scroll labelled NOPPYGG RIUMME
q - a scroll labelled ESAIFACAPO 3 gnolls come into view.
A gnoll is wielding a +1 whip of venom.
The gnoll shouts!
You hear a shout!
Okay, then.
You hit the gnoll.
The gnoll is lightly wounded.
The gnoll hits you with a +1 whip of venom.
You are poisoned.
You hit the gnoll.
The gnoll is moderately wounded.
You feel very sick.
The gnoll hits you with a +1 whip of venom.
You sock the gnoll!
You kill the gnoll!
You feel sick. The gnoll hits you with a +0 whip.
You barely miss the gnoll.
You feel sick. The gnoll hits you with a +0 whip.
You closely miss the gnoll.
You feel sick. The gnoll misses you. The gnoll hits you with a +0 whip.
An orc comes into view. It is wielding a +0 war axe.
You barely miss the gnoll.
You feel sick. The gnoll hits you with a +0 whip.
* * * LOW HITPOINT WARNING * * *
You hit the gnoll. You drain the gnoll.
The gnoll is heavily wounded.
You feel sick.
You are no longer poisoned.
Okay, then.
You hit the gnoll. You drain the gnoll.
The gnoll is heavily wounded.
The gnoll barely misses you. The gnoll attacks as you move away!
The gnoll hits you with a +0 flail.
* * * LOW HITPOINT WARNING * * *
It was a potion of ambrosia.
You are confused.
You feel invigorated. The gnoll hits you with a +0 flail!
You die...

...........# #..
...##....^.#### #..
#...[.........
####..
#.####.#######
##..... . #.#
#....gg #.# ....$..
#.#
#......##########.#
#.......o.gg@....#
##....############
#..#. #. #. # #. ..
##


You could see 2 gnolls and an orc.

Vanquished Creatures
  An orc priest (D:3)
  A gnoll (D:3)
  2 dart slugs (D:2)
  2 orcs (D:3)
  3 bats
  3 endoplasms
  2 giant cockroaches
  4 goblins
  2 hobgoblins (D:2)
  3 jackals (D:2)
  2 kobolds
  4 ball pythons
  A frilled lizard (D:1)
  2 rats (D:2)
32 creatures vanquished.

Notes
Turn   | Place    | Note
-------+----------+-------------------------------------------
     0 | D:1      | avis the Ogre Reaver began the quest for the Orb.
     0 | D:1      | Reached XP level 1. HP: 22/22 MP: 3/3
   327 | D:1      | Reached XP level 2. HP: 31/31 MP: 5/5
   497 | D:1      | Found a faded altar of an unknown god.
  1301 | D:2      | Reached XP level 3. HP: 26/37 MP: 7/7
  1998 | D:3      | Reached XP level 4. HP: 14/45 MP: 8/8
  2234 | D:3      | HP: 2/45 [gnoll/+0 flail (5)]
  2235 | D:3      | Slain by a gnoll

Illustrated notes

Levels and vault maps discovered:
D:1:      reono_arrival_forest_river, layout_basic, basic_ecumenical_altar
D:2:      layout_basic
D:3:      kennysheep_goblin_castle, layout_loops_ring,
          chequers_serial_rivers_micro_d

Skill      XL: |  1  2  3 |
---------------+----------+-----
Fighting       | 3 |  3.0
Unarmed Combat | 3 |  3.0
Dodging        | 2 |  2.0
Spellcasting   | 3 |  3.0
Conjurations   | 3 |  3.0
Transmutations | 2 |  2.3

Action                     |  1- 3 |  4- 6 || total
---------------------------+-------+-------++-------
  Melee: Unarmed           |    25 |       ||    25
         Mace              |    60 |    18 ||    78
         Punch             |     2 |       ||     2
    Use: Potion            |       |     1 ||     1
 Armour: Robe              |    39 |     1 ||    40
  Dodge: Dodged            |    41 |     9 ||    50

Table legend: (Time is in decaauts)
 A = Elapsed time spent in this place.
 B = Non-inter-level travel time spent in this place.
 C = Inter-level travel time spent in this place.
 D = Time resting spent in this place.
 E = Time spent auto-exploring this place.
 F = Levels seen in this place.
 G = Mean time per level.
                   A        B        C        D        E       F      G
               +--------+--------+--------+--------+--------+-----+--------+
         Total |   2265 |   2041 |    224 |    165 |   1497 |   3 |  755.0 |
       Dungeon |   2265 |   2041 |    224 |    165 |   1497 |   3 |  755.0 |
               +--------+--------+--------+--------+--------+-----+--------+

Top non-repeatable levels by time:
     D:2: 1025 daAuts
     D:1: 1004 daAuts
     D:3: 236 daAuts
